 Dungeon Crawl Stone Soup version 0.30-a0-1018-g25214051b3 (webtiles) character file.

Game seed: 9815275585589438608

371506 freelancePsychic the Sensei (level 24, -32/191 (221) HPs)
             Began as a Meteoran Wanderer on Apr 7, 2023.
             Was the Champion of Jiyva.
             Killed from afar by a Tzitzimitl (46 damage)
             ... with a bolt of negative energy
             ... called by a doom hound
             ... on level 4 of the Depths.
             The game lasted 01:30:45 (22397 turns).

freelancePsychic the Sensei (Meteoran Wanderer)    Turns: 22397, Time: 01:30:45

HP:   -32/191 (221) AC: 30    Str: 29    XL:     24   Next: 44%
MP:   28/28         EV: 16    Int: 19    God:    Jiyva [******]
Gold: 343           SH:  5    Dex: 23    Spells: 9/28 levels left

rFire   + . .      SeeInvis +      - Unarmed
rCold   + . .      Faith    .    i - melded +5 kite shield {rF+}
rNeg    . . .      Spirit   .    x - +12 chain mail of Vuijeq {+Blink rC+ Int+3}
rPois   .          Reflect  +    U - +0 helmet {SInv}
rElec   +          Rampage  .    (no cloak)
rCorr   +                        d - melded +2 pair of gloves
Will    +++..                    p - +1 pair of boots
Stlth   +                        R - amulet of reflection
HPRegen 2.11/turn                z - ring of Broken Luck {Fire Str+3}
MPRegen 0.71/turn                A - ring "Unwiac" {rElec rC+ rCorr Dex+4}

@: blade hands, glowing, studying Transmutations, heavily drained
A: sense surroundings 3, otherworldly, glowing, explore regen, thin skeletal
structure 1, passive freeze, robust 3, strong 2, wild magic 3, translucent skin
1, engulf
}: 3/15 runes: decaying, serpentine, slimy
a: End Transformation, Renounce Religion, Evoke Blink, Oozemancy, Slimify


You were on level 4 of the Depths.
You worshipped Jiyva.
Jiyva was exalted by your worship.
You had blades for hands.
You visited 9 branches of the dungeon, and saw 46 of its levels.
You also visited: Sewer, Bailey, Gauntlet and Wizlab.

You collected 2741 gold pieces.
You spent 2398 gold pieces at shops.

Inventory:

Hand Weapons
 X - a +3 demon trident of draining
Missiles
 Q - 4 throwing nets
Armour
 d - a +2 pair of gloves (melded)
 i - a +5 kite shield of fire resistance (melded)
 p - a +1 pair of boots (worn)
 x - the +12 chain mail of Vuijeq (worn) {+Blink rC+ Int+3}
   (You found it in a bailey)

   Int:       It affects your intelligence (+3).
   rC:        It protects you from cold.
   +Blink:    It lets you blink.
 T - a +2 buckler of poison resistance
 U - a +0 helmet of see invisible (worn)
 V - the +4 moon troll leather armour {Spirit, Regen++ MP+5}
   (You found it in a Gauntlet)

   MP:        It affects your magic capacity (+5).
   Regen:     It increases your rate of health regeneration.
 W - the +0 hat of Kleptomania {-Cast rPois rF+++ rCorr}
   (You found it in a Gauntlet)

   rF:        It renders you almost immune to fire.
   rPois:     It protects you from poison.
   -Cast:     It prevents spellcasting.
   rCorr:     It protects you from acid and corrosion.
 Y - +0 storm dragon scales
Jewellery
 g - a ring of wizardry
 s - a ring of protection from cold
 v - a +4 ring of protection
 w - the amulet "Daaraemont" {Spirit rF+ MP-9 Dex+3}
   (You found it on level 2 of the Swamp)

   [amulet of guardian spirit]

   It causes incoming damage to be divided between your reserves of health and
   magic.
   Dex:       It affects your dexterity (+3).
   rF:        It protects you from fire.
   MP:        It affects your magic capacity (-9).
 z - the ring of Broken Luck (left blade hand) {Fire Str+3}
   (You found it on level 5 of the Pits of Slime)

   [ring of fire]

   It enhances your fire magic.
   Str:       It affects your strength (+3).
   rF:        It protects you from fire.
   rC:        It makes you vulnerable to cold.
 A - the ring "Unwiac" (right blade hand) {rElec rC+ rCorr Dex+4}
   (You bought it in a shop on level 3 of the Depths)

   [ring of resist corrosion]

   Dex:       It affects your dexterity (+4).
   rC:        It protects you from cold.
   rElec:     It insulates you from electricity.
   rCorr:     It protects you from acid and corrosion.
 L - a ring of flight
 M - a ring of willpower
 R - an amulet of reflection (around neck)
Wands
 h - a wand of flame (9)
 y - a wand of polymorph (9)
 D - a wand of light (9)
 F - a wand of iceblast (4)
 K - a wand of mindburst (11)
 Z - a wand of charming (35)
Scrolls
 a - 3 scrolls of brand weapon
 c - 10 scrolls of teleportation {@r4}
 e - 3 scrolls of silence
 f - 9 scrolls of enchant weapon
 j - 3 scrolls of fog
 k - 2 scrolls of butterflies
 l - 4 scrolls of fear
 t - 3 scrolls of amnesia
 B - a scroll of magic mapping
 C - 10 scrolls of identify {@r1}
 G - 3 scrolls of poison
Potions
 b - a potion of brilliance
 m - a potion of curing {@q1}
 n - 5 potions of mutation
 o - 2 potions of resistance
 q - 6 potions of flight
 r - 4 potions of haste {@q3}
 E - 3 potions of might
 H - a potion of ambrosia
 J - 2 potions of cancellation
 O - 2 potions of lignification
 S - 5 potions of magic
Miscellaneous
 u - a box of beasts
 I - a tin of tremorstones (2/2)
 N - a phial of floods


   Skills:
 - Level 20.0 Fighting
 - Level 16.1 Armour
 + Level 9.5 Dodging
 - Level 1.0 Stealth
 - Level 16.0 Shields
 + Level 25.8 Unarmed Combat
 - Level 2.6 Spellcasting
 + Level 15.8 Transmutations
 - Level 6.4 Ice Magic
 - Level 15.0 Evocations


You had 9 spell levels left.
You knew the following spells:

 Your Spells              Type           Power      Damage    Failure   Level
a - Wereblood             Tmut           87%        N/A       22%         2
b - Frozen Ramparts       Ice            100%       1d16      69%         3
c - Ozocubu's Armour      Ice            50%        N/A       69%         3
d - Freeze                Ice            100%       1d10      52%         1
e - Blade Hands           Tmut           43%        N/A       45%         5
h - Irradiate             Conj/Tmut      29%        3d21      95%         5

Your spell library contained the following spells:

 Spells                   Type           Power      Damage    Failure   Level
 Beastly Appendage        Tmut           100%       N/A       21%         1
 Spider Form              Tmut/Pois      58%        N/A       58%         3
 Ignite Poison            Fire/Tmut/Pois 59%        N/A       78%         3
 Petrify                  Tmut/Erth      58%        N/A       80%         4
 Hailstorm                Conj/Ice       28%        3d8       92%         3
 Dragon Form              Tmut           43%        N/A       96%         7
 Blink                    Tloc           8%         N/A       98%         2
 Cigotuvi's Dreadful Rot  Necr/Pois/Air  8%         N/A       98%         2
 Lesser Beckoning         Tloc           8%         N/A       98%         2
 Momentum Strike          Conj/Tloc      8%         3d8       98%         2
 Poisonous Vapours        Pois/Air       8%         N/A       98%         2
 Scorch                   Fire           14%        2d5       98%         2
 Sublimation of Blood     Necr           4%         N/A       98%         2
 Call Canine Familiar     Summ           4%         N/A       99%         3
 Gell's Gravitas          Tloc           4%         N/A       99%         3
 Mephitic Cloud           Conj/Pois/Air  4%         N/A       99%         3
 Portal Projectile        Hex/Tloc       8%         N/A       99%         3
 Teleport Other           Tloc           4%         N/A       99%         3
 Vhi's Electric Charge    Tloc/Air       8%         N/A       99%         3
 Volatile Blastmotes      Fire/Tloc      14%        2d11      99%         3
 Anguish                  Hex/Necr       2%         N/A       100%        4
 Animate Dead             Necr           4%         N/A       100%        4
 Cause Fear               Hex            2%         N/A       100%        4
 Flame Wave               Conj/Fire      7%         2d5       100%        4
 Fulminant Prism          Conj/Hex       2%         3d5       100%        4
 Iskenderun's Mystic Bla  Conj/Tloc      4%         2d3       100%        4
 Leda's Liquefaction      Hex/Erth       2%         N/A       100%        4
 Arcjolt                  Conj/Air       2%         1d12      100%        5
 Freezing Cloud           Conj/Ice/Air   10%        6-21      100%        5
 Lee's Rapid Deconstruct  Erth           2%         3d4*      100%        5
 Summon Forest            Summ/Tloc      2%         N/A       100%        5
 Conjure Ball Lightning   Conj/Air       2%         3x3d6     100%        6
 Eringya's Noxious Bog    Tmut/Pois      29%        N/A       100%        6
 Summon Cactus Giant      Summ           2%         N/A       100%        6
 Enfeeble                 Hex            2%         N/A       100%        7
 Haunt                    Necr/Summ      2%         N/A       100%        7
 Summon Hydra             Summ           2%         N/A       100%        7
 Borgnjor's Revivificati  Necr           2%         N/A       100%        8
 Discord                  Hex            2%         N/A       100%        8
 Disjunction              Tloc           2%         N/A       100%        8
 Infestation              Necr           2%         N/A       100%        8
 Maxwell's Capacitive Co  Air            2%         ∞         100%        8
 Necromutation            Tmut/Necr      29%        N/A       100%        8
 Death's Door             Necr           2%         N/A       100%        9


Dungeon Overview and Level Annotations

Branches:
Dungeon (15/15) Zot: 1025  Temple (0/1) D:4            Lair (5/5) D:10 Zot: 723
  Swamp (4/4) Lair:3 Zot: 202   Snake (4/4) Lair:2 Zot: 138   Slime (5/5) Lair:4 Zot: 2792
    Orc (2/2) D:10 Zot: 584     Elf (3/3) Orc:2 Zot: 286  Vaults (4/5) D:13 Zot: 191
  Crypt (0/3) Vaults:3     Depths (4/4) D:15 Zot: 1449   Sewer (visited)
 Bailey (visited)          WizLab (visited)         Gauntlet (visited)
    Zot: Depths:4

Altars:
Dithmenos
Kikubaaqudgha
Nemelex Xobeh
Sif Muna
Uskayaw
Vehumet
Wu Jian
Yredelemnul
Jiyva

Shops:
D:7 ?!   D:11 :   D:12 *   Orc:2 (??[(   Elf:1 *   Snake:4 !([   Vaults:1 :
Vaults:4 *[   Depths:3 (=*

Portals:
Hell: Depths:2 Depths:3
Pandemonium: Depths:1
Ziggurat: Depths:4

Annotations:
D:2 Natasha, Terence
D:11 exclusion: orange crystal statue
Swamp:3 2 runed translucent doors, Pimp's ghost, adept DsFi
Swamp:4 1 runed translucent door, cforsyth's ghost, adept OpSu
Slime:5 Royal Jelly
Elf:1 1 runed translucent door
Vaults:1 2 runed translucent doors, Rinoumap's ghost, adept TrCK; puppykicker's ghost, adept HOAr


Innate Abilities, Weirdness & Mutations

You have blades for hands.
Your spellcasting is less reliable in this form.
You are incapable of wielding weapons or throwing items.
You passively map a large area around you.
You are easily found by Zot.
You glow in the dark.
You regain HP and MP as you explore.
You have a somewhat thin skeletal structure. (Dex +2, Stealth+)
A frigid envelope surrounds you and freezes all who hurt you.
You are extremely robust. (+30% HP)
Your muscles are very strong. (Str +8, Int/Dex -2)
Your spells are much harder to cast, but much more powerful.
Your translucent skin slightly reduces your foes' accuracy. (Stealth+)
Your melee attacks may engulf your foes in ooze.


Message History

* * * LOW HITPOINT WARNING * * *
The Tzitzimitl completely resists.
The shadow dragon breathes negative energy at you.
The bolt of negative energy hits the Tzitzimitl.
The Tzitzimitl completely resists.
The bolt of negative energy hits you!!
You feel drained.
* * * LOW HITPOINT WARNING * * *
You shred the Tzitzimitl!!!!
You slash the Tzitzimitl, but do no damage.
The Tzitzimitl is severely wounded.
The Tzitzimitl engulfs you but does no damage.
The Tzitzimitl completely resists.
The Tzitzimitl barely misses you. The Tzitzimitl completely misses you.
The Tzitzimitl bites you!
* * * LOW HITPOINT WARNING * * *
The Tzitzimitl completely resists.
You shred the Tzitzimitl!!!!
You kill the Tzitzimitl!
Your quicksilver ooze hits the bone dragon!
Your quicksilver ooze engulfs the bone dragon!
Your quicksilver ooze closely misses the bone dragon.
You feel better.
The Tzitzimitl engulfs you but does no damage.
The Tzitzimitl resists.
The Tzitzimitl is very cold.
The Tzitzimitl is lightly wounded.
The Tzitzimitl misses you.
Your quicksilver ooze hits the bone dragon.
Your quicksilver ooze hits the bone dragon but does no damage.
The shadow dragon breathes negative energy at you.
The bolt of negative energy misses the Tzitzimitl.
The bolt of negative energy misses you.
The bolt of negative energy hits your quicksilver ooze!!!
Your quicksilver ooze is drained!
Your quicksilver ooze dies!
Your quicksilver ooze dissolves into a puddle of slime!
The bone dragon is no longer engulfed.
You shred the Tzitzimitl!!!!
The Tzitzimitl is severely wounded.
The Tzitzimitl gestures at you. The bolt of negative energy hits you!!!
You feel drained.
You die...

....
,.........)...#.......#
##.##
......#..###.#########
* .# .........# #.# ,
......#.## #.# , *
#######D## #.# ,
######..###.#* , *
#.........#.. * * *
#..#####1.### ** * # ,
##@# ,, * *~ , , ,* ,,
, #D# , , , #[## * , ,
#..# *, ,, * ##..# ~ *
,, , D.##'##...# ~ * ,
, * ..........# * ~ ,
#####.#.#.# * *
*#.##.).##


You could see a bone dragon, a shadow dragon and a Tzitzimitl.

Vanquished Creatures
  Mara (Swamp:4)
  2 Tzitzimimeh (Depths:4)
  2 doom hounds (Depths:4)
  A tentacled monstrosity (Depths:3)
  Jorgrun (Snake:1)
  Zenata (Vaults:2)
  Grunn (Depths:4)
  2 deep elf blademasters (Elf:3)
  A deep elf master archer (Elf:3)
  3 sphinxes
  A storm dragon (Depths:3)
  6 nagarajas
  Kirke (Swamp:4)
  2 shadow dragons
  A tengu reaver (Depths:3)
  A draconian knight (Depths:4)
  4 frost giants
  A fire giant (Depths:4)
  3 deep elf sorcerers
  7 vault wardens
  An orc warlord (Vaults:4)
  A deep elf elementalist (Elf:3)
  7 ironbound preservers
  3 very ugly things
  2 war gargoyles
  A spriggan defender (Depths:4)
  4 demonspawn corrupters (WizLab)
  A reaper (Depths:2)
  10 stone giants
  2 deep elf demonologists (Elf:3)
  6 ironbound thunderhulks
  2 vampire knights
  4 eleionomae
  A white draconian (Depths:4)
  A purple draconian (Depths:4)
  5 bunyips
  16 dire elephants
  A minotaur (Gauntlet)
  2 yellow draconians (Depths:4)
  4 deep elf annihilators (Elf:3)
  5 deep elf death magi
  3 ettins
  6 spark wasps (Depths:2)
  A blizzard demon (Depths:2)
  7 yaktaur captains
  An entropy weaver (shapeshifter) (D:14)
  2 deep elf high priests
  6 fire dragons
  4 salamander tyrants (Snake:4)
  4 ice dragons
  3 entropy weavers
  A hell beast (Depths:2)
  6 vault guards
  18 hydras
  A spriggan air mage (Swamp:4)
  An ogre mage (D:12)
  4 centaur warriors
  2 peacekeepers
  3 ghost crabs
  11 alligators
  3 two-headed ogres
  9 anacondas
  An ironbound frostheart (Vaults:3)
  18 dancing weapons
  6 tengu warriors
  12 naga warriors
  3 deep troll shamans (Depths:3)
  8 death yaks (Lair:4)
  6 deep troll earth magi
  5 naga sharpshooters
  2 orc high priests
  A shock serpent (Snake:4)
  A hell knight (WizLab)
  A spriggan berserker (Depths:1)
  11 deep elf knights
  2 salamander mystics
  9 skeletal warriors
  37 deep trolls
  2 iron trolls
  A goliath frog (Swamp:1)
  4 spriggan druids
  6 naga ritualists
  10 swamp dragons
  3 bog bodies
  Pikel (D:7)
  11 deep elf archers
  A swamp dragon (shapeshifter) (Lair:5)
  8 lindwurms
  18 deep elf zephyrmancers
  9 ironbound convokers
  19 deep elf pyromancers
  7 mana vipers
  10 wizards
  4 necromancers
  8 harpies
  A will-o-the-wisp (Swamp:4)
  An orc knight (D:15)
  4 manticores
  11 orc sorcerers
  29 ugly things
  7 cyclopes
  9 salamanders
  4 worldbinders (WizLab)
  4 elephants (Lair:3)
  12 guardian serpents
  26 black mambas
  15 naga magi
  A centaur skeleton (D:15)
  2 gargoyles (D:12)
  A torpor snail (Lair:4)
  6 vault sentinels
  6 cane toads
  A torpor snail (shapeshifter) (Lair:5)
  Maggie (D:6)
  An unseen horror (D:11)
  An efreet (Gauntlet)
  26 yaktaurs
  A kobold demonologist (D:13)
  3 rime drakes
  2 tengu conjurers (D:14)
  An ancient zyme (Lair:5)
  4 komodo dragons
  11 trolls
  Grinder (D:4)
  9 tyrant leeches
  12 hornets
  9 polar bears
  3 dream sheep (D:9)
  A tarantella (Snake:2)
  18 blink frogs
  A snapping turtle (Snake:4)
  A harpy skeleton (D:15)
  A centaur simulacrum (D:15)
  An air elemental (Elf:1)
  2 vampires (D:12)
  7 spriggans
  13 flying skulls (Gauntlet)
  2 water elementals
  2 shadows
  6 basilisks
  Eustachio (D:4)
  4 hogs
  A wraith (D:13)
  30 yaks
  7 wyverns
  A wyvern (shapeshifter) (Lair:5)
  A human (Vaults:3)
  A basilisk (shapeshifter) (D:15)
  3 fire elementals
  2 fire bats (Swamp:4)
  3 redbacks (Vaults:1)
  17 vampire mosquitoes
  A chaos spawn (Lair:5)
  6 steam dragons
  7 wargs
  An acid dragon (D:11)
  10 swamp worms
  33 nagas
  14 water moccasins
  3 hell hounds (Gauntlet)
  8 swamp drakes
  A hornet zombie (D:15)
  3 black bears
  An ice beast (Vaults:2)
  15 orc warriors
  4 ogres
  3 boggarts (Vaults:1)
  4 centaurs
  11 wolves
  3 kobold brigands
  9 bullfrogs
  A gnoll sergeant (D:7)
  An earth elemental (Elf:2)
  2 scorpions
  18 wights
  A howler monkey (D:10)
  8 small abominations (Lair:5)
  3 hounds
  9 orc priests
  A gnoll bouda (D:7)
  2 iguanas (D:6)
  Natasha (D:2)
  36 orc wizards
  A boggart skeleton (D:15)
  A boggart simulacrum (D:14)
  8 gnolls (D:7)
  7 adders
  A white imp (D:7)
  2 worms
  A dart slug (D:3)
  73 orcs
  3 ball pythons
  4 giant cockroaches (D:3)
  8 goblins
  6 hobgoblins
  3 quokkas
  A bat (D:2)
  12 frilled lizards
  14 kobolds
  4 rats
1182 creatures vanquished.

Vanquished Creatures (collateral kills)
  A deep elf elementalist (Elf:3)
  A deep elf demonologist (Elf:3)
  2 deep elf death magi (Elf:3)
  A hydra (Lair:1)
  A hornet (D:10)
  3 orc warriors (Bailey)
  A bullfrog (Lair:1)
  4 gnolls (D:4)
  2 orcs (Bailey)
  A goblin (D:4)
  2 kobolds
19 creatures vanquished.

Vanquished Creatures (others)
  A deep elf elementalist (Elf:3)
  A crystal guardian (Vaults:2)
  A great orb of eyes (Vaults:3)
  An anaconda (Snake:4)
  4 glowing orange brains
  A wizard (Vaults:3)
  2 lindwurms (Vaults:1)
  A deep elf zephyrmancer (Elf:1)
  A mana viper (shapeshifter) (Depths:1)
  A black mamba (Snake:4)
  A vault sentinel (Vaults:1)
  3 yaktaurs
  4 bloated husks
  25 slime creatures
  A blink frog (Lair:5)
  A fire bat (Swamp:4)
  A hog (Swamp:4)
  A golden eye (shapeshifter) (Elf:3)
  A steam dragon (Swamp:4)
  A swamp worm (Swamp:2)
  A naga (Snake:4)
  2 floating eyes
  2 orc warriors (Bailey)
  Pargi (Sewer)
  2 swamp drakes (Swamp:4)
  A human (D:3)
  A centaur (D:10)
  A boggart (Vaults:1)
  91 jellies
  A howler monkey (D:11)
  A hound (D:6)
  An orc priest (D:8)
  A sleepcap (D:6)
  Natasha (D:2)
  An orc wizard (D:4)
  An adder (D:6)
  A worm (D:4)
  A dart slug (D:4)
  4 endoplasms
  2 bats
  4 hobgoblins
  5 jackals
  10 kobolds
  2 quokkas
  A ball python (D:2)
  A rat (D:2)
  8 bushes (D:14)
  6 foxfires (Swamp:4)
  50 fungi
  52 plants
  8 toadstools (D:2)
  6 withered plants
323 creatures vanquished.

Grand Total: 1524 creatures vanquished

Notes
Turn   | Place    | Note
-------+----------+-------------------------------------------
     0 | D:1      | freelancePsychic the Meteoran Wanderer began the quest for
                  | the Orb.
     0 | D:1      | freelancePsychic set off with the following items: a +0
                  | dagger, a +0 helmet, a scroll of teleportation {@r4}, a +0
                  | robe, a wand of charming (16); and the following spell
                  | memorised: Freeze; and the following spells available to
                  | memorise: Ozocubu's Armour.
     0 | D:1      | Reached XP level 1. HP: 14/14 MP: 5/5
    79 | D:1      | Found a faded altar of an unknown god.
    86 | D:1      | Prayed at the altar of an unknown god.
    86 | D:1      | Became a worshipper of Jiyva Joarih the Shapeless
    86 | D:1      | Reached * piety under Jiyva
   310 | D:1      | Reached skill level 1 in Unarmed Combat
   310 | D:1      | Reached XP level 2. HP: 18/22 MP: 6/6
   473 | D:1      | Reached ** piety under Jiyva
   500 | D:1      | Glimpsed the power of Zot.
   550 | D:1      | Glimpsed the power of Zot.
   597 | D:2      | Reached skill level 1 in Fighting
   603 | D:2      | Killed Natasha
   707 | D:2      | Found a shadowy altar of Dithmenos.
   707 | D:2      | Noticed Natasha
   715 | D:2      | Killed Natasha
   716 | D:2      | Reached skill level 2 in Unarmed Combat
   716 | D:2      | Reached XP level 3. HP: 22/28 MP: 4/8
   731 | D:2      | Noticed Natasha
   732 | D:2      | Noticed Terence
   749 | D:3      | Found an ancient bone altar of Kikubaaqudgha.
   780 | D:3      | Noticed a human
   782 | D:3      | Killed a human
   808 | D:3      | Reached XP level 4. HP: 36/36 MP: 6/9
  1029 | D:3      | Reached *** piety under Jiyva
  1070 | D:3      | Found a glowing drain.
  1099 | Sewer    | Entered a sewer
  1112 | Sewer    | Learned a level 3 spell: Frozen Ramparts
  1116 | Sewer    | Learned a level 3 spell: Ozocubu's Armour
  1163 | Sewer    | Killed Pargi
  1561 | D:4      | Noticed Grinder
  1577 | D:4      | Reached XP level 5. HP: 41/41 MP: 10/10
  1687 | D:4      | Paralysed by Grinder for 2 turns
  1693 | D:4      | Paralysed by Grinder for 5 turns
  1700 | D:4      | Killed Grinder
  1701 | D:4      | Reached skill level 5 in Ice Magic
  1701 | D:4      | Reached XP level 6. HP: 52/52 MP: 7/11
  1701 | D:4      | Reached XP level 7. HP: 58/58 MP: 7/12
  1746 | D:4      | Found a staircase to the Ecumenical Temple.
  1795 | D:4      | Noticed Eustachio
  1805 | D:4      | Killed Eustachio
  1897 | D:5      | Entered Level 5 of the Dungeon
  2102 | D:5      | Reached XP level 8. HP: 67/67 MP: 8/13
  2121 | D:5      | Gained mutation: You have a small jelly attached to you
                  | that senses nearby items. [Jiyva's grace]
  2121 | D:5      | Gained mutation: You are partially covered in iridescent
                  | scales. (AC +2) [Jiyva's grace]
  2121 | D:5      | Gained mutation: You are mostly covered in iridescent
                  | scales. (AC +4) [Jiyva's grace]
  2121 | D:5      | Gained mutation: You are completely covered in iridescent
                  | scales. (AC +6) [Jiyva's grace]
  2154 | D:5      | Found a shimmering blue altar of Sif Muna.
  2162 | D:5      | Reached skill level 3 in Unarmed Combat
  2307 | D:6      | Noticed Maggie
  2316 | D:5      | Reached skill level 5 in Fighting
  2341 | D:6      | Killed Maggie
  2342 | D:6      | Reached skill level 4 in Unarmed Combat
  2408 | D:6      | Found a hide-covered altar of Uskayaw.
  2552 | D:6      | Reached **** piety under Jiyva
  2666 | D:6      | Reached skill level 5 in Unarmed Combat
  2666 | D:6      | Gained mutation: You passively map the area around you.
                  | [Meteoran growth]
  2666 | D:6      | Reached XP level 9. HP: 62/75 MP: 8/14
  2674 | D:6      | Found an ornate altar of the Wu Jian Council.
  2900 | D:7      | Found a flagged portal.
  2931 | Bailey   | Entered a bailey
  2952 | Bailey   | Reached skill level 5 in Dodging
  3001 | Bailey   | Noticed an orc knight
  3002 | Bailey   | Reached skill level 6 in Unarmed Combat
  3015 | Bailey   | Slimified an orc knight
  3015 | Bailey   | an orc knight changed into a slime creature
  3015 | Bailey   | Noticed a slime creature
  3027 | Bailey   | Found a large runed translucent door.
  3027 | Bailey   | Found a large runed translucent door.
  3028 | Bailey   | Noticed a deep elf pyromancer
  3052 | Bailey   | Killed a deep elf pyromancer
  3059 | Bailey   | Identified the +12 chain mail of Vuijeq {+Blink rC+ Int+3}
  3151 | D:7      | Reached skill level 7 in Unarmed Combat
  3172 | D:7      | Found Coin's Distillery.
  3174 | D:7      | Noticed a hornet
  3185 | D:7      | Killed a hornet
  3186 | D:7      | Reached skill level 1 in Armour
  3186 | D:7      | Reached XP level 10. HP: 69/88 MP: 5/15
  3207 | D:7      | Bought a potion of haste for 100 gold pieces
  3207 | D:7      | Bought a potion of curing for 30 gold pieces
  3316 | D:7      | Found Caser's Magic Scroll Shoppe.
  3320 | D:7      | Bought a scroll of enchant armour for 105 gold pieces
  3327 | D:7      | Noticed Pikel
  3338 | D:7      | Killed Pikel
  3339 | D:7      | Reached skill level 8 in Unarmed Combat
  3521 | D:8      | Noticed a two-headed ogre
  3533 | D:8      | Killed a two-headed ogre
  3534 | D:8      | Reached skill level 5 in Armour
  3534 | D:8      | Reached skill level 9 in Unarmed Combat
  3537 | D:8      | Lost mutation: You are completely covered in iridescent
                  | scales. (AC +6) [Jiyva's grace]
  3537 | D:8      | Lost mutation: You are mostly covered in iridescent scales.
                  | (AC +4) [Jiyva's grace]
  3537 | D:8      | Lost mutation: You have a small jelly attached to you that
                  | senses nearby items. [Jiyva's grace]
  3537 | D:8      | Gained mutation: You have a small jelly attached to you
                  | that may absorb projectiles. [Jiyva's grace]
  3537 | D:8      | Gained mutation: Armour fits poorly on your pseudopods.
                  | [Jiyva's grace]
  3537 | D:8      | Gained mutation: Armour fits poorly on your large
                  | pseudopods. [Jiyva's grace]
  3537 | D:8      | Gained mutation: Armour fits poorly on your massive
                  | pseudopods. [Jiyva's grace]
  3607 | D:8      | Found a sparkling altar of Nemelex Xobeh.
  3718 | D:9      | Found a huge runed translucent gate.
  3719 | D:9      | Found a huge runed translucent gate.
  3723 | D:9      | Reached XP level 11. HP: 97/97 MP: 16/16
  3731 | D:9      | Found a huge runed translucent gate.
  3732 | D:9      | Found a huge runed translucent gate.
  3791 | D:9      | Reached skill level 10 in Fighting
  3791 | D:9      | Reached skill level 10 in Unarmed Combat
  3808 | D:9      | Reached skill level 11 in Unarmed Combat
  4147 | D:9      | Reached XP level 12. HP: 110/110 MP: 17/17
  4250 | D:10     | Entered Level 10 of the Dungeon
  4504 | D:10     | Found a staircase to the Lair.
  4513 | Lair:1   | Entered Level 1 of the Lair of Beasts
  4513 | Lair:1   | Noticed a five-headed hydra
  4528 | Lair:1   | Killed a five-headed hydra
  4529 | Lair:1   | Reached skill level 12 in Unarmed Combat
  4533 | Lair:1   | Reached skill level 10 in Armour
  5142 | Lair:2   | Found a staircase to the Snake Pit.
  5223 | Lair:2   | Reached ***** piety under Jiyva
  5293 | Lair:3   | Reached XP level 13. HP: 116/119 MP: 18/18
  5300 | Lair:3   | Reached skill level 13 in Unarmed Combat
  5312 | Lair:3   | Lost mutation: Armour fits poorly on your massive
                  | pseudopods. [Jiyva's grace]
  5312 | Lair:3   | Lost mutation: Armour fits poorly on your large pseudopods.
                  | [Jiyva's grace]
  5312 | Lair:3   | Gained mutation: You are partially covered in large bone
                  | plates. (SH +4) [Jiyva's grace]
  5312 | Lair:3   | Gained mutation: You are mostly covered in large bone
                  | plates. (SH +6) [Jiyva's grace]
  5312 | Lair:3   | Gained mutation: You are completely covered in large bone
                  | plates. (SH +8) [Jiyva's grace]
  5312 | Lair:3   | Gained mutation: You are agile. (Dex +4, Str/Int -1)
                  | [Jiyva's grace]
  5326 | Lair:3   | Found a staircase to the Swamp.
  5578 | Lair:4   | Found a staircase to the Slime Pits.
  5578 | Lair:4   | Found a viscous altar of Jiyva.
  5644 | Lair:4   | Noticed a death yak
  5644 | Lair:4   | Noticed a death yak
  5647 | Lair:4   | Noticed a death yak
  5648 | Lair:4   | Noticed a death yak
  5648 | Lair:4   | Noticed a death yak
  5649 | Lair:4   | Noticed a death yak
  5669 | Lair:4   | Noticed a death yak
  5676 | Lair:4   | Killed a death yak
  5681 | Lair:4   | Noticed a death yak
  5684 | Lair:4   | Killed a death yak
  5696 | Lair:4   | Killed a death yak
  5709 | Lair:4   | Killed a death yak
  5722 | Lair:4   | Killed a death yak
  5735 | Lair:4   | Killed a death yak
  5830 | Lair:4   | Noticed an ice dragon
  5848 | Lair:4   | Killed an ice dragon
  5849 | Lair:4   | Reached skill level 14 in Unarmed Combat
  5853 | Lair:4   | Found the +6 lightning scales {swift, rElec}
  6091 | Lair:4   | Noticed a six-headed hydra
  6103 | Lair:4   | Killed a six-headed hydra
  6124 | Lair:4   | Killed a death yak
  6140 | Lair:4   | Killed a death yak
  6146 | Lair:5   | Entered Level 5 of the Lair of Beasts
  6156 | Lair:5   | Noticed a five-headed hydra
  6299 | Lair:5   | Reached XP level 14. HP: 132/132 MP: 19/19
  6436 | Lair:5   | Reached skill level 5 in Evocations
  6443 | Lair:5   | Reached skill level 15 in Unarmed Combat
  6692 | Lair:5   | Identified the +2 ring mail of Amelioration {Drain Will++
                  | MP+9 SInv}
  6771 | Lair:5   | Reached ****** piety under Jiyva
  6802 | Slime:1  | Entered Level 1 of the Pits of Slime
  6802 | Slime:1  | Noticed a quicksilver ooze
  6802 | Slime:1  | Noticed an acid blob
  6889 | Slime:4  | Noticed a quicksilver ooze
  6889 | Slime:4  | Noticed an acid blob
  6890 | Slime:4  | Noticed an acid blob
  6894 | Slime:5  | Entered Level 5 of the Pits of Slime
  6908 | Slime:5  | Noticed an azure jelly
  6916 | Slime:5  | Found a viscous altar of Jiyva.
  6916 | Slime:5  | Noticed an acid blob
  6916 | Slime:5  | Noticed an acid blob
  6917 | Slime:5  | Noticed a quicksilver ooze
  6918 | Slime:5  | Noticed an acid blob
  6918 | Slime:5  | Noticed an acid blob
  6919 | Slime:5  | Noticed the Royal Jelly
  6919 | Slime:5  | Noticed an acid blob
  6919 | Slime:5  | Noticed a rockslime
  6920 | Slime:5  | Noticed an acid blob
  6921 | Slime:5  | Noticed an acid blob
  6930 | Slime:5  | Got a slimy rune of Zot
  6931 | Slime:5  | Identified the +8 shortbow of the Known World {flame, Will+
                  | Int+6}
  6941 | Slime:5  | Identified the ring of Broken Luck {Fire Str+3}
  6945 | Slime:5  | Noticed a rockslime
  6955 | Slime:5  | Identified the +3 battleaxe of Ashenzari's Regard {heavy,
                  | rN+ Dex+3}
  6956 | Slime:5  | Identified the +2 flail of the Reaper {freeze, Will+ Str+3
                  | Dex-5 SInv}
  7277 | D:10     | Lost mutation: You are partially covered in iridescent
                  | scales. (AC +2) [Jiyva's grace]
  7277 | D:10     | Lost mutation: You are completely covered in large bone
                  | plates. (SH +8) [Jiyva's grace]
  7277 | D:10     | Lost mutation: You are mostly covered in large bone plates.
                  | (SH +6) [Jiyva's grace]
  7277 | D:10     | Gained mutation: You have a pair of small horns on your
                  | head. [Jiyva's grace]
  7277 | D:10     | Gained mutation: You have a pair of horns on your head.
                  | [Jiyva's grace]
  7277 | D:10     | Gained mutation: You have a pair of large horns on your
                  | head. [Jiyva's grace]
  7277 | D:10     | Gained mutation: You are covered in fur. (AC +1) [Jiyva's
                  | grace]
  7389 | D:11     | Reached skill level 15 in Fighting
  7507 | D:11     | Found Duttol's Book Boutique.
  7516 | D:11     | Bought a book of Changes for 252 gold pieces
  7519 | D:11     | Learned a level 2 spell: Wereblood
  7560 | D:11     | Reached skill level 1 in Transmutations
  7793 | D:12     | Reached skill level 16 in Unarmed Combat
  7876 | D:12     | Found Nunis's Changing Room.
  8348 | D:12     | Reached XP level 15. HP: 141/141 MP: 20/20
  8906 | D:10     | Lost mutation: You have a pair of large horns on your head.
                  | [Jiyva's grace]
  8906 | D:10     | Gained mutation: Your flesh is cold resistant. (rC+)
                  | [Jiyva's grace]
  8906 | D:10     | Gained mutation: Your flesh is very cold resistant. (rC++)
                  | [Jiyva's grace]
  8906 | D:10     | Gained mutation: Your flesh is almost immune to the effects
                  | of cold. (rC+++) [Jiyva's grace]
  8906 | D:10     | Gained mutation: You are covered in thick fur. (AC +2)
                  | [Jiyva's grace]
  8966 | D:10     | Found a staircase to the Orcish Mines.
  9122 | D:13     | Reached skill level 5 in Transmutations
  9125 | D:13     | Found a gate to the Vaults.
  9653 | D:14     | Found a basalt altar of Yredelemnul.
  9778 | D:14     | Reached skill level 1 in Shields
  9798 | D:14     | Reached skill level 17 in Unarmed Combat
  9840 | D:14     | Lost mutation: Your flesh is almost immune to the effects
                  | of cold. (rC+++) [Jiyva's grace]
  9840 | D:14     | Lost mutation: Your flesh is very cold resistant. (rC++)
                  | [Jiyva's grace]
  9840 | D:14     | Lost mutation: You are covered in thick fur. (AC +2)
                  | [Jiyva's grace]
  9840 | D:14     | Lost mutation: You are covered in fur. (AC +1) [Jiyva's
                  | grace]
  9840 | D:14     | Lost mutation: You have a small jelly attached to you that
                  | may absorb projectiles. [Jiyva's grace]
  9840 | D:14     | Gained mutation: Your translucent skin slightly reduces
                  | your foes' accuracy. (Stealth+) [Jiyva's grace]
  9840 | D:14     | Gained mutation: Your translucent skin reduces your foes'
                  | accuracy. (Stealth+) [Jiyva's grace]
  9840 | D:14     | Gained mutation: Your transparent skin significantly
                  | reduces your foes' accuracy. (Stealth+) [Jiyva's grace]
  9840 | D:14     | Gained mutation: You have a small jelly attached to you
                  | that senses nearby items. [Jiyva's grace]
  9999 | D:15     | Entered Level 15 of the Dungeon
 10077 | D:15     | Found a gate leading to a gauntlet.
 10084 | Gauntlet | Entered a Gauntlet
 10084 | Gauntlet | Found a transporter.
 10084 | Gauntlet | Found a transporter.
 10084 | Gauntlet | Found a transporter.
 10085 | Gauntlet | Found a transporter.
 10088 | Gauntlet | Found a transporter.
 10088 | Gauntlet | Found a transporter.
 10098 | Gauntlet | Found a transporter.
 10102 | Gauntlet | Found a transporter.
 10102 | Gauntlet | Found a transporter.
 10103 | Gauntlet | Found a transporter.
 10103 | Gauntlet | Found the +4 moon troll leather armour {Spirit, Regen++
                  | MP+5}
 10235 | Gauntlet | Found a transporter.
 10304 | Gauntlet | Identified the +0 hat of Kleptomania {-Cast rPois rF+++
                  | rCorr}
 10408 | D:15     | Reached skill level 5 in Shields
 10660 | D:15     | Reached XP level 16. HP: 114/141 MP: 21/21
 10885 | Orc:1    | Entered Level 1 of the Orcish Mines
 10921 | Orc:2    | Entered Level 2 of the Orcish Mines
 11093 | Orc:2    | Found Georr's Antique Weapon Shoppe.
 11109 | Orc:2    | Found Masiegin's Magic Scroll Boutique.
 11148 | Orc:2    | Bought a scroll of teleportation for 33 gold pieces
 11243 | Orc:2    | Found Saugoe Kime's Armour Boutique.
 11243 | Orc:2    | Found Onlyumn's Magic Scroll Shoppe.
 11262 | Orc:2    | Bought a scroll of teleportation for 48 gold pieces
 11265 | Orc:2    | Bought a scroll of identify for 32 gold pieces
 11265 | Orc:2    | Bought a scroll of identify for 32 gold pieces
 11265 | Orc:2    | Bought a scroll of identify for 32 gold pieces
 11265 | Orc:2    | Bought a scroll of identify for 32 gold pieces
 11278 | Orc:2    | Gained mutation: Your spells are a little harder to cast,
                  | but a little more powerful. [Jiyva's grace]
 11278 | Orc:2    | Gained mutation: Your spells are harder to cast, but more
                  | powerful. [Jiyva's grace]
 11278 | Orc:2    | Gained mutation: Your spells are much harder to cast, but
                  | much more powerful. [Jiyva's grace]
 11278 | Orc:2    | Gained mutation: Your mind is acute. (Int +4, Str/Dex -1)
                  | [Jiyva's grace]
 11293 | Orc:2    | Found Taec's Antique Weapon Boutique.
 11350 | Orc:2    | Found a staircase to the Elven Halls.
 11494 | Snake:1  | Entered Level 1 of the Snake Pit
 11595 | Snake:1  | Reached skill level 18 in Unarmed Combat
 11635 | Snake:1  | You fall into a shaft and drop 1 floor!
 11833 | Snake:2  | Reached skill level 10 in Transmutations
 11965 | Snake:2  | Noticed Jorgrun
 11986 | Snake:1  | Killed Jorgrun
 12151 | Snake:1  | Learned a level 5 spell: Blade Hands
 12157 | Snake:1  | Learned a level 5 spell: Irradiate
 12689 | Snake:3  | Reached XP level 17. HP: 157/163 MP: 22/22
 12739 | Snake:4  | Entered Level 4 of the Snake Pit
 12789 | Snake:4  | Reached skill level 19 in Unarmed Combat
 12804 | Snake:4  | Found Datares's Antique Armour Emporium.
 12835 | Snake:4  | Lost mutation: You are agile. (Dex +4, Str/Int -1) [Jiyva's
                  | grace]
 12835 | Snake:4  | Lost mutation: Your mind is acute. (Int +4, Str/Dex -1)
                  | [Jiyva's grace]
 12835 | Snake:4  | Gained mutation: Your system is resistant to poisons.
                  | (rPois) [Jiyva's grace]
 12835 | Snake:4  | Gained mutation: You are covered in slimy tendrils that may
                  | disarm your opponents. [Jiyva's grace]
 12835 | Snake:4  | Gained mutation: Your mind is acute. (Int +4, Str/Dex -1)
                  | [Jiyva's grace]
 12835 | Snake:4  | Gained mutation: Your mind is very acute. (Int +8, Str/Dex
                  | -2) [Jiyva's grace]
 12840 | Snake:4  | Found Ystaod's Antique Weapon Shoppe.
 13245 | Snake:4  | Noticed a nagaraja
 13251 | Snake:4  | Killed a nagaraja
 13280 | Snake:4  | Noticed a nagaraja
 13280 | Snake:4  | Noticed a nagaraja
 13280 | Snake:4  | Noticed a nagaraja
 13409 | Snake:4  | Found Yrygeph's Distillery.
 13420 | Snake:4  | Bought a potion of curing for 57 gold pieces
 13420 | Snake:4  | Bought a potion of haste for 190 gold pieces
 13420 | Snake:4  | Bought a potion of might for 76 gold pieces
 13423 | Snake:4  | Identified the +7 trident of Jonerrula {heavy, *Noise rF+
                  | rN++}
 13549 | Snake:4  | Killed a nagaraja
 13590 | Snake:4  | Reached skill level 15 in Transmutations
 13668 | Snake:4  | Killed a nagaraja
 13676 | Snake:4  | Killed a nagaraja
 13693 | Snake:4  | Gained mutation: You passively map a large area around you.
                  | [Meteoran growth]
 13693 | Snake:4  | Reached XP level 18. HP: 83/173 MP: 23/23
 13718 | Snake:4  | Got a serpentine rune of Zot
 13887 | Snake:2  | Reached skill level 20 in Unarmed Combat
 13954 | Swamp:1  | Entered Level 1 of the Swamp
 14192 | Swamp:2  | Identified the amulet "Daaraemont" {Spirit rF+ MP-9 Dex+3}
 14255 | Swamp:2  | Lost mutation: You have a pair of horns on your head.
                  | [Jiyva's grace]
 14255 | Swamp:2  | Lost mutation: You are partially covered in large bone
                  | plates. (SH +4) [Jiyva's grace]
 14255 | Swamp:2  | Lost mutation: Your mind is very acute. (Int +8, Str/Dex
                  | -2) [Jiyva's grace]
 14255 | Swamp:2  | Lost mutation: Your flesh is cold resistant. (rC+) [Jiyva's
                  | grace]
 14255 | Swamp:2  | Lost mutation: Your spells are much harder to cast, but
                  | much more powerful. [Jiyva's grace]
 14255 | Swamp:2  | Lost mutation: Your transparent skin significantly reduces
                  | your foes' accuracy. (Stealth+) [Jiyva's grace]
 14255 | Swamp:2  | Lost mutation: You are covered in slimy tendrils that may
                  | disarm your opponents. [Jiyva's grace]
 14255 | Swamp:2  | Gained mutation: A frigid envelope surrounds you and
                  | freezes all who hurt you. [Jiyva's grace]
 14255 | Swamp:2  | Gained mutation: You have a small jelly attached to you
                  | that may absorb projectiles. [Jiyva's grace]
 14255 | Swamp:2  | Gained mutation: Your muscles are strong. (Str +4, Int/Dex
                  | -1) [Jiyva's grace]
 14255 | Swamp:2  | Gained mutation: Your muscles are very strong. (Str +8,
                  | Int/Dex -2) [Jiyva's grace]
 14461 | Swamp:2  | Identified the +6 buckler "Dubuneth" {Contam rF++ rCorr}
 14463 | Swamp:2  | Identified the +6 sling of Fatigue {drain, rF++ Will++
                  | Str-2}
 14622 | Swamp:3  | Found a large runed translucent door.
 14622 | Swamp:3  | Found a large runed translucent door.
 14635 | Swamp:3  | Noticed Pimp's ghost (adept DsFi)
 14881 | Swamp:4  | Entered Level 4 of the Swamp
 15027 | Swamp:4  | Found a runed translucent door.
 15028 | Swamp:4  | Noticed cforsyth's ghost (adept OpSu)
 15121 | Swamp:4  | Noticed Mara
 15147 | Swamp:4  | Noticed freelancePsychic's illusion
 15156 | Swamp:4  | Killed Mara
 15278 | Swamp:4  | Reached XP level 19. HP: 148/182 MP: 24/24
 15287 | Swamp:4  | Reached skill level 21 in Unarmed Combat
 15323 | Swamp:4  | Noticed Kirke
 15328 | Swamp:4  | Killed Kirke
 15432 | Swamp:4  | Got a decaying rune of Zot
 15715 | Swamp:2  | Lost mutation: You have a pair of small horns on your head.
                  | [Jiyva's grace]
 15715 | Swamp:2  | Lost mutation: Your spells are harder to cast, but more
                  | powerful. [Jiyva's grace]
 15715 | Swamp:2  | Lost mutation: Your translucent skin reduces your foes'
                  | accuracy. (Stealth+) [Jiyva's grace]
 15715 | Swamp:2  | Lost mutation: You have a small jelly attached to you that
                  | senses nearby items. [Jiyva's grace]
 15715 | Swamp:2  | Gained mutation: Your translucent skin reduces your foes'
                  | accuracy. (Stealth+) [Jiyva's grace]
 15715 | Swamp:2  | Gained mutation: Your transparent skin significantly
                  | reduces your foes' accuracy. (Stealth+) [Jiyva's grace]
 15715 | Swamp:2  | Gained mutation: You are covered in slimy tendrils that may
                  | disarm your opponents. [Jiyva's grace]
 15715 | Swamp:2  | Gained mutation: You have sharp toenails. [Jiyva's grace]
 16234 | Elf:1    | Entered Level 1 of the Elven Halls
 16234 | Elf:1    | Found a runed translucent gate.
 16234 | Elf:1    | Found a runed translucent gate.
 16234 | Elf:1    | Found a runed translucent gate.
 16234 | Elf:1    | Found a runed translucent gate.
 16234 | Elf:1    | Found a runed translucent gate.
 16234 | Elf:1    | Found a runed translucent gate.
 16235 | Elf:1    | Found a runed translucent door.
 16251 | Elf:1    | Found a runed translucent door.
 16469 | Elf:1    | Found Ehiuggitz's General Store.
 16474 | Elf:1    | Bought a scroll of blinking for 120 gold pieces
 16474 | Elf:1    | Bought a scroll of enchant armour for 120 gold pieces
 16611 | Elf:2    | Reached skill level 15 in Armour
 16763 | Elf:1    | Reached skill level 22 in Unarmed Combat
 17003 | Elf:3    | Entered Level 3 of the Elven Halls
 17029 | Elf:3    | Reached XP level 20. HP: 193/193 MP: 25/25
 17207 | Elf:3    | Noticed a Tzitzimitl
 17555 | Elf:3    | Noticed Asterion
 17567 | Elf:3    | Slimified Asterion
 17567 | Elf:3    | Asterion changed into Asterion the acid blob
 17567 | Elf:3    | Noticed Asterion
 18035 | Vaults:1 | Entered Level 1 of the Vaults
 18190 | Vaults:1 | Reached skill level 10 in Evocations
 18209 | Vaults:1 | Lost mutation: Your mind is acute. (Int +4, Str/Dex -1)
                  | [Jiyva's grace]
 18209 | Vaults:1 | Lost mutation: Your muscles are very strong. (Str +8,
                  | Int/Dex -2) [Jiyva's grace]
 18209 | Vaults:1 | Lost mutation: Armour fits poorly on your pseudopods.
                  | [Jiyva's grace]
 18209 | Vaults:1 | Lost mutation: You are covered in slimy tendrils that may
                  | disarm your opponents. [Jiyva's grace]
 18209 | Vaults:1 | Gained mutation: You are robust. (+10% HP) [Jiyva's grace]
 18209 | Vaults:1 | Gained mutation: You are very robust. (+20% HP) [Jiyva's
                  | grace]
 18209 | Vaults:1 | Gained mutation: You are extremely robust. (+30% HP)
                  | [Jiyva's grace]
 18209 | Vaults:1 | Gained mutation: Your rubbery body absorbs attacks. (AC +1,
                  | EV +1) [Jiyva's grace]
 18351 | Vaults:1 | Identified the +9 trident of Sin {flame, rPois Int+5}
 18520 | Vaults:1 | Noticed puppykicker's ghost (adept HOAr)
 18521 | Vaults:1 | Noticed Rinoumap's ghost (adept TrCK)
 18522 | Vaults:1 | Found a large runed translucent door.
 18522 | Vaults:1 | Found a large runed translucent door.
 18573 | Vaults:1 | Glimpsed the power of Zot.
 18595 | Vaults:1 | Found the +15 Maxwell's patent armour {-Cast -Tele rElec
                  | Will+ rCorr}
 18623 | Vaults:1 | Glimpsed the power of Zot.
 18629 | Vaults:1 | Found Anollu's Book Shop.
 18666 | Vaults:2 | Reached skill level 23 in Unarmed Combat
 18689 | Vaults:2 | Identified a scroll of acquirement
 18689 | Vaults:2 | Acquired 687 gold pieces
 18794 | Vaults:2 | Noticed Zenata
 18818 | Vaults:2 | Killed Zenata
 18869 | Vaults:2 | Reached skill level 10 in Shields
 18889 | Vaults:2 | Reached XP level 21. HP: 261/261 MP: 26/26
 19422 | Vaults:3 | Lost mutation: Your system is resistant to poisons. (rPois)
                  | [Jiyva's grace]
 19422 | Vaults:3 | Lost mutation: You have a small jelly attached to you that
                  | may absorb projectiles. [Jiyva's grace]
 19422 | Vaults:3 | Gained mutation: Your muscles are very strong. (Str +8,
                  | Int/Dex -2) [Jiyva's grace]
 19422 | Vaults:3 | Gained mutation: You have a small jelly attached to you
                  | that may absorb projectiles. [Jiyva's grace]
 19422 | Vaults:3 | Gained mutation: You have a small jelly attached to you
                  | that senses nearby items. [Jiyva's grace]
 19422 | Vaults:3 | Gained mutation: You have a somewhat thin skeletal
                  | structure. (Dex +2, Stealth+) [Jiyva's grace]
 19916 | Vaults:4 | Reached skill level 24 in Unarmed Combat
 19921 | Vaults:4 | Found Cietuom's Armour Emporium.
 20006 | Vaults:4 | Reached XP level 22. HP: 271/271 MP: 27/27
 20154 | Vaults:4 | Found Tyapul's Assorted Antiques.
 20162 | Vaults:4 | Bought 2 potions of heal wounds for 300 gold pieces
 20502 | Vaults:3 | Reached XP level 23. HP: 279/279 MP: 28/28
 20536 | Vaults:2 | Glimpsed the power of Zot.
 20586 | Vaults:1 | Glimpsed the power of Zot.
 20626 | Vaults:1 | Glimpsed the power of Zot.
 20636 | Vaults:1 | Touched by the power of Zot.
 21040 | D:15     | Found a staircase to the Depths.
 21066 | Depths:1 | Entered Level 1 of the Depths
 21073 | Depths:1 | Found a one-way gate leading to the halls of Pandemonium.
 21126 | Depths:1 | Found an ancient bone altar of Kikubaaqudgha.
 21522 | Depths:2 | Found a gateway to Hell.
 21525 | Depths:2 | Lost mutation: You have sharp toenails. [Jiyva's grace]
 21525 | Depths:2 | Lost mutation: Your rubbery body absorbs attacks. (AC +1,
                  | EV +1) [Jiyva's grace]
 21525 | Depths:2 | Lost mutation: Your transparent skin significantly reduces
                  | your foes' accuracy. (Stealth+) [Jiyva's grace]
 21525 | Depths:2 | Lost mutation: Your translucent skin reduces your foes'
                  | accuracy. (Stealth+) [Jiyva's grace]
 21525 | Depths:2 | Lost mutation: Your translucent skin slightly reduces your
                  | foes' accuracy. (Stealth+) [Jiyva's grace]
 21525 | Depths:2 | Lost mutation: You have a small jelly attached to you that
                  | senses nearby items. [Jiyva's grace]
 21525 | Depths:2 | Lost mutation: You have a small jelly attached to you that
                  | may absorb projectiles. [Jiyva's grace]
 21525 | Depths:2 | Gained mutation: Your spells are harder to cast, but more
                  | powerful. [Jiyva's grace]
 21525 | Depths:2 | Gained mutation: Your spells are much harder to cast, but
                  | much more powerful. [Jiyva's grace]
 21525 | Depths:2 | Gained mutation: Your melee attacks may engulf your foes in
                  | ooze. [Jiyva's grace]
 21525 | Depths:2 | Gained mutation: Your translucent skin slightly reduces
                  | your foes' accuracy. (Stealth+) [Jiyva's grace]
 21576 | Depths:3 | Found Ylamiagi's Weapon Boutique.
 21618 | Depths:3 | Reached skill level 15 in Evocations
 21638 | Depths:3 | Reached skill level 25 in Unarmed Combat
 21655 | Depths:3 | Found a radiant altar of Vehumet.
 21726 | Depths:3 | Found Oggaugra's Jewellery Shop.
 21740 | Depths:3 | Bought the ring "Unwiac" {rElec rC+ rCorr Dex+4} for 839
                  | gold pieces
 21756 | Depths:4 | Entered Level 4 of the Depths
 21889 | Depths:4 | Noticed Grunn
 21904 | Depths:4 | Reached skill level 15 in Shields
 21906 | Depths:4 | Noticed a bone dragon
 21909 | Depths:4 | Killed Grunn
 21922 | Depths:4 | Found a one-way gateway to a ziggurat.
 21962 | Depths:4 | Reached XP level 24. HP: 64/206 MP: 28/28
 22044 | Depths:3 | Found Xelus's Assorted Antiques.
 22057 | Depths:3 | Found a magical portal.
 22066 | WizLab   | Entered Alistair's Party Mansion
 22244 | WizLab   | Acquired a manual of Transmutations
 22394 | Depths:4 | HP: 5/203 [Tzitzimitl[a doom hound] (11)]
 22397 | Depths:4 | Killed from afar by a Tzitzimitl

Illustrated notes

Levels and vault maps discovered:
D:1:      minmay_arrival_checkered_box, layout_loops_corners,
          dreamdust_ecumenical_altar_grove
D:2:      cheibrodos_fertilizer, layout_rooms, basic_altar, minmay_tetromino_o2,
          uniq_natasha, uniq_terence
D:3:      layout_loops_ring, tgw_kikubaaqudgha, gup_sewer_entry_pipe
D:4:      layout_gridville, minmay_temple_entry_crystal_x, uniq_grinder,
          uniq_eustachio, uniq_pargi
D:5:      layout_rooms, nicolae_sif_muna_condensation, minivault_4,
          minmay_lizard_king
D:6:      layout_gridville, kennysheep_mini_moat, nzn_wu_jian_council_hall,
          minmay_quadrilaterals, uniq_maggie
D:7:      layout_loops_ring, enter_bailey_5, serial_shops,
          nicolae_shop_advertising_works [nicolae_subvault_shop_adworks],
          nicolae_diamond_shop, reono_crystal_passage, uniq_pikel
D:8:      layout_gridville, lemuel_coloured_pillars_altar
D:9:      lemuel_bear_cage, layout_basic, nicolae_overflow_hidden_temple
D:10:     layout_basic, minmay_lair_entry_grove, orc_0_dummy,
          eino_house_with_fridge
D:11:     layout_layer_cave, serial_shops, nicolae_shop_hallway_plus,
          minivault_27, minmay_statue_bubble
D:12:     layout_basic, st_stairs_5, nicolae_transmutations_shop,
          minmay_mirror_moons_of_madness
D:13:     layout_cave_pools, erik_vaults_1
D:14:     layout_irregular_city, serial_park_square2, yredelemnul_altar_generic
D:15:     grunt_enter_depths_magical_seal, layout_layer_cave,
          gauntlet_entry_generic, hangedman_decor_slide_cut,
          dreamdust_deal_with_the_devil
Lair:1:   layout_cave_pods, grunt_megastairs_1
Lair:2:   layout_cave_pods, dummy_snake_entry
Lair:3:   layout_cave_shapes, swamp_mist, lemuel_fruit_fields
Lair:4:   dragon1_lemuel, layout_gridlike, slime_entry_1
Lair:5:   hellmonk_lair_end_abyssal_woods, layout_misc_corridors
Swamp:1:  layout_basic_swamp, evilmike_swamp_ruin_house_2, swamp_pool2
Swamp:2:  layout_basic_swamp, evilmike_swamp_ruin_house_4, swamp_pool2,
          nicolae_swamp_tree_designs
Swamp:3:  layout_basic_swamp, ebering_ghost_disaster_area, serial_swamp_ruin,
          evilmike_swamp_ruin_rubble_2, evilmike_swamp_ruin_house_5,
          nicolae_swamp_super_fun_site, infiniplex_staircase_pool
Swamp:4:  swamp_fiery, layout_basic_swamp, gammafunk_ghost_grave, uniq_kirke,
          uniq_mara
Snake:1:  layout_honeycomb, lemuel_oklob_altar
Snake:2:  layout_misc_corridors, st_stairs_7, serial_bayou_pond_c, uniq_jorgrun
Snake:3:  layout_cave_pods
Snake:4:  grunt_snake_rune_serpentine_throne, layout_cave_town, serial_shops,
          nicolae_square_shop, minmay_shoptagon
Slime:1:  layout_caves
Slime:2:  layout_caves, basic_altar
Slime:3:  layout_caves
Slime:4:  layout_caves
Slime:5
Orc:1:    layout_caves, ebering_ghost_gozag, serial_shops, shop
Orc:2:    st_orc_town, layout_diamond_mine, serial_shops, nicolae_shop_crystal,
          nicolae_orc_lost_temple
Elf:1:    nicolae_elf_arrival_dilemma, layout_geoelf_octagon, serial_shops,
          shop, kennysheep_underground_church
Elf:2:    elven_hall_of_blades_hangedman_original [nicolae_blade_bullseye],
          layout_geoelf_octagon, onia_ninara_cookie
Elf:3:    elf_hall, layout_gridlike, grunt_megastairs_5, uniq_asterion
Vaults:1: advil_vaults_ghost_guards, vaults_mumra_hexcomb,
          hangedman_vaults_snaps, v_rooms_3, nicolae_vaults_specimen_jars,
          nicolae_vaults_twisting_passages, dpeg_vaults_monster_box,
          v_alt_pattern_1, ontoclasm_vaults_gateway, layout_vaults_omnigrid,
          serial_shops, shop
Vaults:2: nicolae_vaults_stairing_the_circle, ontoclasm_vaults_eye,
          hangedman_vaults_trim, hangedman_vaults_slither, serial_ice_g,
          nicolae_vaults_network_quinsquares
          [nicolae_vaults_network_quincunx_subvault,
          nicolae_vaults_network_quincunx_subvault,
          nicolae_vaults_network_quincunx_subvault,
          nicolae_vaults_network_quincunx_subvault],
          nicolae_vaults_circle_grid_b, nicolae_vaults_little_squares_5,
          nicolae_vaults_little_squares_5, layout_vaults_maze_bifur, uniq_zenata
Vaults:3: nicolae_vaults_network_square, v_pattern_3, grunt_vaults_diagonal,
          hangedman_vaults_river_flow, ontoclasm_vaults_tryst,
          nicolae_vaults_holding_cells, hangedman_vaults_stream, v_misc_4,
          ontoclasm_vaults_hangar, v_misc_11,
          minmay_crypt_entry_skeletal_spiral, nicolae_vaults_little_squares_3,
          layout_vaults_omnibox
Vaults:4: nicolae_vaults_big_ls, vaults_mumra_minichess_inversion,
          ontoclasm_vaults_idyll, v_misc_3, vaults_room_hallway, v_misc_19,
          hangedman_vaults_restitches, v_pattern_4, vaults_dpeg_hooks,
          nicolae_vaults_gold_heap, nicolae_vaults_little_squares_1,
          layout_vaults_big_room, serial_shops, shop, nicolae_shop_statue_plus,
          shop
Depths:1: minmay_the_grid_triangle_9x9_recursive_3_mashed
          [minmay_the_grid_triangle_9x9_empty,
          minmay_the_grid_triangle_9x9_longest,
          minmay_the_grid_triangle_9x9_zippers_horizontal,
          minmay_the_grid_triangle_9x9_prize_special,
          minmay_the_grid_triangle_9x9_alien,
          minmay_the_grid_triangle_9x9_semitri,
          minmay_the_grid_triangle_9x9_intruding_spiral,
          minmay_the_grid_triangle_9x9_corrupted_corridor,
          minmay_the_grid_triangle_9x9_thin_v], layout_basic,
          grunt_hell_entry_dis_old, pan_entry, hangedman_abyss_entry_splay,
          kiku_gazebo_pond_becter, minmay_starry_boxes
Depths:2: grunt_forest_end_chambers, layout_cave_shapes, grunt_mini_vestibule,
          pan_entry, elyvilon_altar_3
Depths:3: grunt_house_of_mirrors, layout_cross, serial_shops,
          nicolae_shop_trees, shop, nicolae_diamond_shop,
          nicolae_shop_waterfront, nicolae_vehumet_radiance,
          minmay_room_of_horrors, hell_entry, mu_enter_wizlab_6
Depths:4: evilmike_zot_entry_basic, layout_basic, enter_ziggurat_b,
          skrybe_limestone_x, pf_dread_powers_of_hell, minmay_misc_feat_columns,
          nicolae_ru_the_path_less_chosen, serial_bayou_shore_b, uniq_grunn

Skill      XL: |  1  2  3  4  5  6  7  8  9 10 11 12 13 14 15 16 17 18 19 20 21 22 23 24 |
---------------+-------------------------------------------------------------------------+-----
Unarmed Combat | 1 2 5 7 9 11 12 14 16 17 18 19 20 22 23 24 25 | 25.8
Fighting       | 1 2 3 4 5 7 9 11 12 14 15 16 17 18 19 20 | 20.0
Ice Magic      | 3 5 6 |  6.4
Dodging        | 4 6 7 9 |  9.5
Armour         | 1 6 8 10 12 13 16 | 16.1
Evocations     | 4 7 11 13 14 15 | 15.0
Transmutations | 4 6 12 15 | 15.8
Shields        | 5 6 10 12 13 15 16 | 16.0
Stealth        | |  1.0
Spellcasting   | |  2.6

Action                     |  1- 3 |  4- 6 |  7- 9 | 10-12 | 13-15 | 16-18 | 19-21 | 22-24 || total
---------------------------+-------+-------+-------+-------+-------+-------+-------+-------++-------
  Melee: Dagger            |    38 |       |       |       |       |       |       |       ||    38
         Unarmed           |    31 |    79 |    30 |   420 |  1054 |  1062 |   778 |   496 ||  3950
         Pseudopods        |       |       |       |    76 |   281 |   251 |    78 |       ||   686
         Punch             |       |       |       |    31 |   110 |    29 |    65 |    26 ||   261
         Headbutt          |       |       |       |       |   150 |   272 |    13 |       ||   435
   Cast: Freeze            |    34 |     3 |    48 |       |       |       |       |       ||    85
         Frozen Ramparts   |       |       |    16 |    17 |    18 |     7 |       |       ||    58
         Wereblood         |       |       |       |       |     1 |    27 |    18 |     4 ||    50
         Blade Hands       |       |       |       |       |       |    14 |    21 |     8 ||    43
 Invoke: Oozemancy         |       |     2 |     3 |     2 |       |     2 |       |       ||     9
         Slimify           |       |       |     1 |       |       |       |     1 |       ||     2
Ability: End Transformatio |       |       |       |       |       |     1 |     2 |     1 ||     4
         Evoke Blink       |       |       |       |       |       |     1 |       |       ||     1
  Evoke: Wand              |       |     7 |     5 |     2 |     8 |    19 |     6 |       ||    47
         Phial of floods   |       |       |       |       |     1 |     2 |     2 |     1 ||     6
         Tin of tremorston |       |       |       |       |       |       |     3 |       ||     3
         Box of beasts     |       |       |       |       |       |       |     1 |       ||     1
    Use: Scroll            |       |     3 |     8 |     2 |    13 |     7 |     7 |    12 ||    52
         Potion            |       |       |     1 |     1 |     5 |       |    10 |     7 ||    24
   Stab: Distracted        |       |       |       |     1 |       |       |       |       ||     1
         Confused          |       |       |       |       |       |       |     1 |     2 ||     3
 Armour: Robe              |    10 |       |       |       |       |       |       |       ||    10
         Ring mail         |    30 |    34 |    15 |       |       |       |       |       ||    79
         Steam dragon scal |       |       |    45 |       |       |       |       |       ||    45
         Chain mail        |       |       |    14 |   447 |   681 |   399 |   336 |   212 ||  2089
  Dodge: Dodged            |    52 |    46 |    69 |   228 |   419 |   331 |   312 |   148 ||  1605
  Block: Other             |       |       |       |       |   322 |    69 |    82 |    19 ||   492
         Buckler           |       |       |       |       |   138 |   598 |   190 |       ||   926
         Reflection        |       |       |       |       |     8 |    52 |    49 |    11 ||   120
         Kite shield       |       |       |       |       |       |       |    15 |   351 ||   366

Table legend: (Time is in decaauts)
 A = Elapsed time spent in this place.
 B = Non-inter-level travel time spent in this place.
 C = Inter-level travel time spent in this place.
 D = Time resting spent in this place.
 E = Time spent auto-exploring this place.
 F = Levels seen in this place.
 G = Mean time per level.
                   A        B        C        D        E       F      G
               +--------+--------+--------+--------+--------+-----+--------+
         Total |  21455 |  18905 |   2550 |      0 |   8703 |  50 |  429.1 |
       Dungeon |   7974 |   6944 |   1030 |      0 |   2798 |  15 |  531.6 |
          Lair |   2276 |   1988 |    288 |      0 |    909 |   5 |  455.2 |
         Swamp |   2198 |   1948 |    250 |      0 |   1325 |   4 |  549.5 |
     Snake Pit |   2261 |   2040 |    221 |      0 |   1040 |   4 |  565.2 |
    Slime Pits |    207 |    124 |     83 |      0 |     58 |   5 |   41.4 |
  Orcish Mines |    615 |    412 |    203 |      0 |      0 |   2 |  307.5 |
   Elven Halls |   1513 |   1269 |    244 |      0 |    595 |   3 |  504.3 |
        Vaults |   2409 |   2206 |    203 |      0 |   1372 |   4 |  602.2 |
        Depths |    950 |    924 |     26 |      0 |    423 |   4 |  237.5 |
         Sewer |    333 |    333 |      0 |      0 |    156 |   1 |  333.0 |
        Bailey |    200 |    200 |      0 |      0 |      0 |   1 |  200.0 |
        Wizlab |    225 |    225 |      0 |      0 |     14 |   1 |  225.0 |
      Gauntlet |    289 |    289 |      0 |      0 |     11 |   1 |  289.0 |
               +--------+--------+--------+--------+--------+-----+--------+

Top non-repeatable levels by time:
    D:11: 1136 daAuts
 Snake:4: 942 daAuts
    D:14: 754 daAuts
Vaults:3: 751 daAuts
    D:12: 708 daAuts
Vaults:4: 690 daAuts
Vaults:1: 680 daAuts
 Swamp:2: 668 daAuts
 Swamp:4: 601 daAuts
     D:1: 596 daAuts
   Elf:1: 592 daAuts
    D:10: 588 daAuts
  Lair:4: 575 daAuts
 Snake:2: 544 daAuts
   Elf:3: 542 daAuts
